 Dungeon Crawl Stone Soup version 0.30.1-4-g462c640d31 (webtiles) character file.

Game seed: 2237828926960405738

22783 Peloso the Carver (level 12, -19/110 HPs)
             Began as a Minotaur Fighter on Aug 17, 2023.
             Was a High Priest of Okawaru.
             Demolished by a two-headed ogre simulacrum (27 damage)
             ... on level 2 of the Orcish Mines on Aug 18, 2023.
             The game lasted 00:34:49 (14996 turns).

Peloso the Carver (Minotaur Fighter)               Turns: 14996, Time: 00:34:51

Health: -19/110    AC: 20    Str: 23    XL:     12   Next: 66%
Magic:  13/13      EV: 13    Int:  5    God:    Okawaru [*****.]
Gold:   761        SH:  6    Dex: 13    Spells: 11/11 levels left

rFire   . . .        a - +3 falchion (freeze)
rCold   . . .        d - +0 buckler
rNeg    . . .        A - +2 scale mail {rPois}
rPois   +            (helmet restricted)
rElec   .            c - +0 cloak
rCorr   .            L - +2 pair of gloves
SInv    .            (no boots)
Will    .....        (no amulet)
Stlth   +            p - ring of flight
HPRegen 0.38/turn    K - +4 ring of protection
MPRegen 0.13/turn

%: no passive effects
@: flying
A: horns 2, retaliatory headbutt, subdued magic 1
a: Renounce Religion, Heroism, Finesse, Duel


You were on level 2 of the Orcish Mines.
You worshipped Okawaru.
Okawaru was extremely pleased with you.
You visited 4 branches of the dungeon, and saw 16 of its levels.

You collected 761 gold pieces.

Inventory:

Hand Weapons
 a - a +3 falchion of freezing (weapon)
 b - a +0 scimitar of flaming
 G - the +8 rapier of a ziggurat {flame, rElec rPois rC+ Int+4}
   (You found it on level 4 of the Dungeon)

   Int:       It affects your intelligence (+4).
   rC:        It protects you from cold.
   rElec:     It insulates you from electricity.
   rPois:     It protects you from poison.
Armour
 c - a +0 cloak (worn)
 d - a +0 buckler (worn)
 l - a +0 chain mail
 A - a +2 scale mail of poison resistance (worn)
 L - a +2 pair of gloves (worn)
Jewellery
 n - a ring of protection from fire
 p - a ring of flight (left hand)
 w - a +5 ring of evasion
 z - a +6 ring of strength
 H - an amulet of magic regeneration
 K - a +4 ring of protection (right hand)
Wands
 f - a wand of flame (20)
 M - a wand of roots (3)
 N - a wand of quicksilver (2)
Scrolls
 e - 4 scrolls of magic mapping
 g - 3 scrolls of fog {unknown}
 h - 4 scrolls of enchant weapon
 i - 4 scrolls of noise
 k - 4 scrolls of teleportation
 u - a scroll of enchant armour
 x - 5 scrolls of poison
 y - a scroll of amnesia
 B - 2 scrolls of immolation
 F - 2 scrolls of blinking {unknown}
Potions
 j - a potion of might
 r - 6 potions of flight
 s - 2 potions of cancellation
 v - 2 potions of resistance {unknown}
 C - 4 potions of brilliance
 D - 3 potions of mutation
 E - a potion of ambrosia {unknown}
 I - 3 potions of curing
Miscellaneous
 t - a lightning rod (4/4)


   Skills:
 + Level 11.5 Fighting
 + Level 4.6(9.9) Short Blades
 + Level 14.6(14.9) Long Blades
 + Level 11.6 Armour
 + Level 7.4 Dodging
 + Level 3.1 Stealth
 + Level 9.2 Shields
 + Level 2.8 Invocations
 + Level 2.2 Evocations


You had 11 spell levels left.
You didn't know any spells.
Your spell library contained the following spells:

 Spells                   Type           Power      Damage    Failure   Level
 Kiss of Death            Conj/Necr      0%         2d5       75%         1
 Sandblast                Erth           0%         2d4       75%         1
 Blink                    Tloc           0%         N/A       87%         2
 Cigotuvi's Dreadful Rot  Necr/Pois/Air  0%         N/A       87%         2
 Lesser Beckoning         Tloc           0%         N/A       87%         2
 Momentum Strike          Conj/Tloc      0%         3d8       87%         2
 Passwall                 Tmut/Erth      0%         N/A       87%         2
 Confusing Touch          Hex            0%         N/A       98%         3
 Gell's Gravitas          Tloc           0%         N/A       98%         3
 Stone Arrow              Conj/Erth      0%         3d7       98%         3
 Teleport Other           Tloc           0%         N/A       98%         3
 Vhi's Electric Charge    Tloc/Air       0%         N/A       98%         3
 Dispel Undead            Necr           0%         3d6       100%        4
 Olgreb's Toxic Radiance  Pois           0%         N/A       100%        4
 Arcjolt                  Conj/Air       0%         1d10      100%        5
 Plasma Beam              Fire/Air       0%         2x1d11    100%        6
 Discord                  Hex            0%         N/A       100%        8
 Ignition                 Fire           0%         3d3       100%        8
 Lehudib's Crystal Spear  Conj/Erth      0%         10d2      100%        8
 Animate Armour           Summ/Erth      Unusable   N/A       N/A         4
 Death Channel            Necr           Unusable   N/A       N/A         6

Dungeon Overview and Level Annotations

Branches:
Dungeon (11/15)            Temple (1/1) D:4            Lair (2/5) D:8
    Orc (2/2) D:9             Elf (0/3) Orc:2
  Swamp: Lair:2-3    Shoals: Lair:2-3     Snake: Lair:2-3    Spider: Lair:2-3

Altars:
Ashenzari
Cheibriados
Dithmenos
Elyvilon
Fedhas
Gozag
Hepliaklqana
Kikubaaqudgha
Makhleb
Nemelex Xobeh
Okawaru
Qazlal
Ru
Sif Muna
Trog
Uskayaw
Vehumet
Wu Jian
Xom
Yredelemnul
Zin
The Shining One

Shops:
D:10 *   Orc:2 [:*

Portals:
Ice
Cave: Orc:2

Annotations:
D:5 2 transporters, aloneDruid's ghost, novice DEGl
D:11 Lodul


Innate Abilities, Weirdness & Mutations

You have a pair of horns on your head.
You reflexively headbutt those who attack you in melee.
Your spells are a little easier to cast, but a little less powerful.


Message History

The orc warrior attacks as you move away!
The orc warrior hits you with a +0 flail!
* * * LOW HITPOINT WARNING * * *
The orc sorcerer hits you but does no damage.
As you read the scroll of fear, it crumbles to dust.
You assume a fearsome visage.
The orc warrior looks frightened!
The orc knight looks frightened!
The orc sorcerer looks frightened! x2
The ogre looks frightened!
The orc warrior looks frightened! x2
The ogre screams, "Help!"; The orc sorcerer cries, "Mercy!"
Found a stone staircase leading up.
The orc warrior supplicates abjectly, "Please don't kill me!"
Found 24 gold pieces.
The ogre barely misses you. The ogre attacks as you move away!
The ogre completely misses you. You furiously retaliate!
You headbutt the ogre!
A two-headed ogre simulacrum comes into view.
Found 16 gold pieces.
You hear the faint crackling of a melting archway very nearby.
A wolf simulacrum comes into view.
The two-headed ogre simulacrum misses you.
The two-headed ogre simulacrum closely misses you.
The wolf simulacrum barely misses you.
A two-headed ogre simulacrum comes into view.
Found a frozen archway.
The wolf simulacrum bites you but does no damage.
The wolf simulacrum attacks as you move away!
You block the wolf simulacrum's attack. 5 simulacra come into view.
The wolf simulacrum barely misses you. You furiously retaliate!
You headbutt the wolf simulacrum!
The wolf simulacrum vaporises!
Okawaru accepts your kill. The elephant simulacrum tramples you!
* * * LOW HITPOINT WARNING * * *
You hold your ground!
You block the elephant simulacrum's attack.
The two-headed ogre simulacrum hits you.
* * * LOW HITPOINT WARNING * * *
The two-headed ogre simulacrum freezes you!!
You die...

,,,,,,,****,*,***,,,,,**,,,**,,,,
,,,,,,***#.....*,....##,,,,<,,,,,
,,,,,,***......##.#...#.,,,,,,,,,
,,,,,,,**#..............,,,,,,,,,
.,,,*,*,*#.#............,,,,,,,,,
.,,,,,,,,......Z..Z.....,,,,,,,,,
.,,,,,,,*,,#......∩......,,,,,,,,
.,,,,,,,,,,*#..ZZZ........,,,,,,,
.,,,,,,,*,###...@..........,,,,,,
.*,,,,,**##.....##..........,,,,,
.*,,,,,,*#.....#.#...........,,,,
P,,,**,,*##....☼O.....$.......,,,
P,,***,,,#.....#Z#.............,,
.,,,*,*.........#.#............,,
.,,,,,,....#...................,,
.,,,,,,...#.#.....$............,,
.,,,,,,......#...#........<....,,


You could see a death yak simulacrum, an elephant simulacrum, a naga simulacrum,
a two-headed ogre simulacrum and a troll simulacrum.

Vanquished Creatures
  Snorg (D:10)
  Harold (Lair:2)
  Erica (D:10)
  2 boulder beetles
  3 two-headed ogres
  An orc high priest (Orc:2)
  Amaemon (Lair:1)
  Pikel (D:4)
  2 cyclopes (D:11)
  Joseph (D:9)
  7 cane toads
  An orange demon (Lair:1)
  2 gargoyles (D:11)
  5 komodo dragons
  A rime drake (Lair:2)
  A troll (D:10)
  A hornet (D:8)
  7 spriggans (Lair:2)
  13 yaks
  A shadow (D:11)
  5 basilisks
  2 wyverns
  A vampire (D:9)
  A steam dragon (D:7)
  6 vampire mosquitoes
  Menkaure (D:4)
  2 acid dragons
  Duvessa (D:6)
  5 water moccasins
  2 orc warriors
  A sky beast (D:7)
  2 ice beasts
  3 ogres
  7 wolves (Lair:2)
  4 centaurs
  A phantom (D:6)
  A kobold brigand (D:7)
  A gnoll sergeant (D:8)
  3 scorpions
  8 bullfrogs
  5 wights (D:7)
  Dowan (D:6)
  4 killer bees (D:7)
  3 howler monkeys
  2 jellies (D:9)
  A hound (D:6)
  6 orc priests
  A gnoll bouda (D:7)
  6 sleepcaps
  Natasha (thrice) (D:3)
  2 iguanas
  15 orc wizards
  A wolf simulacrum (Orc:2)
  9 gnolls
  8 adders
  A shadow imp (D:8)
  A white imp (D:7)
  An ufetubus (D:4)
  2 worms (D:2)
  A dart slug (D:5)
  55 orcs
  6 ball pythons
  3 bats (D:1)
  5 endoplasms
  6 giant cockroaches
  12 goblins
  5 hobgoblins
  5 jackals (D:2)
  12 kobolds
  A quokka (D:1)
  2 frilled lizards
295 creatures vanquished.

Vanquished Creatures (others)
  An orc warrior (D:7)
  An orc wizard (D:6)
  An orc (D:7)
3 creatures vanquished.

Grand Total: 298 creatures vanquished

Notes
Turn   | Place    | Note
-------+----------+-------------------------------------------
     0 | D:1      | Peloso the Minotaur Fighter began the quest for the Orb.
     0 | D:1      | Reached XP level 1. HP: 19/19 MP: 0/0
   147 | D:1      | Reached XP level 2. HP: 27/27 MP: 1/1
   424 | D:1      | Reached skill level 3 in Long Blades
   814 | D:2      | Found a stormy altar of Qazlal.
   998 | D:2      | Reached XP level 3. HP: 33/33 MP: 2/2
  1383 | D:2      | Reached XP level 4. HP: 17/40 MP: 3/3
  1738 | D:3      | Noticed Natasha
  1758 | D:3      | Killed Natasha
  1759 | D:3      | Reached skill level 1 in Dodging
  1769 | D:3      | Noticed Natasha
  1812 | D:3      | Killed Natasha
  1813 | D:3      | Reached XP level 5. HP: 29/47 MP: 4/4
  1954 | D:3      | Noticed Natasha
  1966 | D:3      | Killed Natasha
  1967 | D:3      | Reached skill level 4 in Long Blades
  1967 | D:3      | Reached skill level 5 in Armour
  2692 | D:4      | Noticed Menkaure
  2701 | D:4      | Killed Menkaure
  2702 | D:4      | Reached skill level 5 in Long Blades
  2702 | D:4      | Reached XP level 6. HP: 7/55 MP: 5/5
  2877 | D:4      | Identified the +8 rapier of a ziggurat {flame, rElec rPois
                  | rC+ Int+4}
  3079 | D:4      | Identified the +8 dagger of Duoc {freeze, rCorr Int+2}
  3082 | D:4      | Noticed Pikel
  3096 | D:4      | Killed Pikel
  3097 | D:4      | Reached skill level 5 in Fighting
  3097 | D:4      | Reached skill level 1 in Short Blades
  3097 | D:4      | Reached skill level 6 in Long Blades
  3097 | D:4      | Reached skill level 5 in Shields
  3097 | D:4      | Reached XP level 7. HP: 49/61 MP: 6/6
  3166 | D:4      | Noticed a +0 dagger
  3166 | D:4      | Noticed a +0 hand axe
  3168 | D:4      | Found a hide-covered altar of Uskayaw.
  3216 | D:4      | Found a staircase to the Ecumenical Temple.
  3223 | Temple   | Entered the Ecumenical Temple
  3228 | Temple   | Became a worshipper of Warmaster Okawaru
  3257 | D:4      | Found an opulent altar of Gozag.
  3306 | D:4      | Identified the +1 ring mail of Unreason {rN+}
  3484 | D:5      | Entered Level 5 of the Dungeon
  3488 | D:5      | Noticed aloneDruid's ghost (novice DEGl)
  3509 | D:5      | Found a transporter.
  3530 | D:5      | Found a transporter.
  3550 | D:5      | Reached skill level 7 in Long Blades
  3614 | D:5      | Found a hazy altar of Hepliaklqana.
  3664 | D:5      | Reached XP level 8. HP: 70/70 MP: 7/7
  4184 | D:6      | Noticed Duvessa
  4184 | D:6      | Noticed Dowan
  4236 | D:6      | Killed Duvessa
  4241 | D:6      | Killed Dowan
  4325 | D:6      | Found a white marble altar of Elyvilon.
  4325 | D:6      | Found a burning altar of Makhleb.
  4738 | D:6      | Found a blossoming altar of Fedhas.
  4925 | D:7      | Reached skill level 1 in Stealth
  4977 | D:7      | Reached * piety under Okawaru
  4978 | D:7      | Reached skill level 8 in Long Blades
  5118 | D:7      | Found a shadowy altar of Dithmenos.
  5335 | D:7      | Reached XP level 9. HP: 60/78 MP: 8/8
  5487 | D:7      | Reached skill level 9 in Long Blades
  5497 | D:7      | HP: 2/79 [centaur/arrow (6)]
  5502 | D:7      | Reached ** piety under Okawaru
  5687 | D:7      | Found a broken altar of Ashenzari.
  5691 | D:7      | Saw a vision of the Swamp and the Spider Nest.
  5691 | D:7      | Noticed a broodmother
  5691 | D:7      | Noticed an entropy weaver
  5691 | D:7      | Noticed a moth of wrath
  5691 | D:7      | Noticed a pharaoh ant
  5691 | D:7      | Noticed a moth of wrath
  5691 | D:7      | Noticed a spriggan rider
  5691 | D:7      | Noticed a will-o-the-wisp
  5691 | D:7      | Noticed a goliath frog
  5691 | D:7      | Noticed a goliath frog
  5691 | D:7      | Noticed an eleionoma
  5692 | D:7      | Noticed a bog body
  5692 | D:7      | Noticed a bloated husk
  6031 | D:7      | Found a bloodstained altar of Trog.
  6404 | D:8      | Reached skill level 10 in Long Blades
  6515 | D:8      | Found Etunky's Armour Boutique.
  6950 | D:8      | Noticed a komodo dragon
  6966 | D:8      | Killed a komodo dragon
  7107 | D:8      | Reached XP level 10. HP: 53/88 MP: 9/9
  7120 | D:8      | HP: 1/88 [basilisk (8)]
  7543 | D:8      | Found a staircase to the Lair.
  7790 | D:9      | Noticed Joseph
  7817 | D:9      | Killed Joseph
  7817 | D:9      | Reached *** piety under Okawaru
  7818 | D:9      | Reached skill level 11 in Long Blades
  8001 | D:9      | Found a shimmering altar of Xom.
  8203 | D:9      | Found a staircase to the Orcish Mines.
  8556 | D:9      | Noticed a two-headed ogre
  8567 | D:9      | Killed a two-headed ogre
  8590 | D:9      | Reached skill level 5 in Dodging
  9096 | D:9      | Noticed a boulder beetle
  9120 | D:9      | Killed a boulder beetle
  9121 | D:9      | Reached skill level 12 in Long Blades
  9344 | D:10     | Entered Level 10 of the Dungeon
  9420 | D:10     | Noticed a two-headed ogre
  9427 | D:10     | Killed a two-headed ogre
  9427 | D:10     | Reached **** piety under Okawaru
  9428 | D:10     | Reached skill level 1 in Invocations
  9543 | D:10     | Found an ornate altar of the Wu Jian Council.
  9610 | D:10     | Noticed Snorg
  9610 | D:10     | Noticed a boulder beetle
  9620 | D:10     | Killed Snorg
  9621 | D:10     | Reached XP level 11. HP: 97/97 MP: 7/10
  9639 | D:10     | HP: 4/97 [boulder beetle (47)]
  9640 | D:10     | Killed a boulder beetle
  9931 | D:10     | Found Alaown's Assorted Antiques.
 10022 | D:10     | Noticed Erica
 10047 | D:10     | Killed Erica
 10759 | D:11     | Reached skill level 10 in Armour
 11050 | D:11     | Noticed a two-headed ogre
 11135 | D:10     | Killed a two-headed ogre
 11136 | D:10     | Reached skill level 13 in Long Blades
 11370 | D:11     | Reached skill level 1 in Evocations
 11749 | D:11     | Reached ***** piety under Okawaru
 11816 | D:11     | Noticed Lodul
 11977 | Lair:1   | Entered Level 1 of the Lair of Beasts
 12095 | Lair:1   | Reached skill level 10 in Fighting
 12428 | Lair:1   | Noticed Amaemon
 12449 | Lair:1   | Killed Amaemon
 12462 | Lair:1   | Reached XP level 12. HP: 91/106 MP: 12/12
 12548 | Lair:1   | You are sucked into a shaft and drop 1 floor!
 12548 | Lair:2   | Noticed Harold
 12573 | Lair:2   | Killed Harold
 13470 | Lair:2   | Reached skill level 14 in Long Blades
 13614 | Lair:2   | Received a gift from Okawaru
 14885 | Orc:1    | Entered Level 1 of the Orcish Mines
 14933 | Orc:2    | Entered Level 2 of the Orcish Mines
 14937 | Orc:2    | Noticed an orc warlord
 14937 | Orc:2    | Noticed an orc high priest
 14939 | Orc:2    | Found Ofrijorr's Book Emporium.
 14947 | Orc:2    | Noticed an orc high priest
 14950 | Orc:2    | Found Nipnia Wera's Antique Armour Emporium.
 14955 | Orc:2    | Noticed an orc high priest
 14958 | Orc:2    | Found Onlat's General Store.
 14964 | Orc:2    | Gained mutation: Your spells are a little easier to cast,
                  | but a little less powerful. [a neqoxec]
 14974 | Orc:2    | Killed an orc high priest
 14974 | Orc:2    | Received a gift from Okawaru
 14991 | Orc:2    | Found a frozen archway.
 14996 | Orc:2    | Demolished by a two-headed ogre simulacrum

Illustrated notes

Levels and vault maps discovered:
D:1:      kennysheep_arrival_forest, layout_basic, minivault_27
D:2:      layout_basic, basic_altar, corexii_hall_statues_l
D:3:      layout_rooms, uniq_natasha
D:4:      layout_loops_cross, nicolae_gozag_seed_capital,
          dancing_weapons_uskayaw, minmay_temple_entry_trees, uniq_pikel,
          uniq_menkaure
D:5:      layout_cave_pools, mainiacjoe_overflow_small_starburst,
          gammafunk_ghost_gnarly_gnolls
D:6:      layout_cave_pods, mainiacjoe_overflow_concentric_impassable,
          jmf_multi_god_temple, uniq_duvessa
D:7:      layout_basic, nicolae_dithmenos_shadow_blocks,
          lemuel_coloured_pillars_altar, grunt_ashenzari_visionary
          [grunt_ashenzari_visionary_swamp, grunt_ashenzari_visionary_spider],
          minmay_misc_feat_more_columns
D:8:      layout_loops_ring, erik_lair_dragon, serial_shops,
          kennysheep_little_box
D:9:      layout_cave_pods, dk_xom_monty_hall, hiddenorc2_lemuel,
          kennysheep_donut, nzn_sisyphean_effort, uniq_joseph
D:10:     layout_roguey, nicolae_wu_jian_wuxing_cycle, serial_shops,
          nicolae_shop_pleasant_corner_grove, nicolae_wand_duel, uniq_snorg,
          uniq_erica
D:11:     layout_cave_pools, amcnicky_mini_pool_small,
          nicolae_tso_swordbearing_angel, uniq_lodul
Temple:   minmay_freezing_vapour_temple
Lair:1:   layout_hall_layers, dreamdust_mushroom_princess, uniq_amaemon
Lair:2:   kb_forest_paths, layout_regular_city, beast_lair_carwin_3, uniq_harold
Orc:1:    layout_diamond_mine, basic_altar, serial_shops, shop
Orc:2:    grunt_orc_gardens, layout_caves, grunt_orc_garden, grunt_orc_garden,
          grunt_orc_garden, grunt_orc_garden,
          portal_ice_cave_entry_ice_simulacra, uniq_saint_roka

Skill      XL: |  1  2  3  4  5  6  7  8  9 10 11 12 |
---------------+-------------------------------------+-----
Long Blades    | 3 5 6 7 8 10 12 13 14 | 14.6
Fighting       | 4 5 6 7 9 10 11 | 11.5
Armour         | 4 5 6 7 8 9 11 | 11.6
Shields        | 4 5 6 7 8 9 |  9.2
Dodging        | 1 2 3 4 5 6 7 |  7.4
Short Blades   | 1 2 3 4 |  4.6
Stealth        | 1 2 3 |  3.1
Invocations    | 1 2 |  2.8
Evocations     | 1 2 |  2.2

Action                     |  1- 3 |  4- 6 |  7- 9 | 10-12 || total
---------------------------+-------+-------+-------+-------++-------
  Melee: Long sword        |    75 |   104 |   179 |       ||   358
         Headbutt          |    14 |    26 |    75 |   161 ||   276
         Rapier            |       |    11 |    28 |    56 ||    95
         Falchion          |       |       |   177 |   637 ||   814
 Invoke: Heroism           |       |       |     3 |    17 ||    20
  Evoke: Wand              |       |       |       |    12 ||    12
         Lightning rod     |       |       |       |     3 ||     3
    Use: Scroll            |     1 |       |     7 |    15 ||    23
         Potion            |       |       |     9 |     4 ||    13
   Stab: Invisible         |       |       |     3 |     1 ||     4
         Fleeing           |       |       |       |     1 ||     1
 Armour: Scale mail        |    34 |    59 |   167 |   190 ||   450
         Chain mail        |     3 |       |       |       ||     3
  Dodge: Dodged            |    34 |    51 |   140 |   259 ||   484
  Block: Buckler           |    26 |    26 |    91 |   138 ||   281
